 Dungeon Crawl Stone Soup version 0.32-a0-841-g4648e6c457 (webtiles) character file.

Game seed: 7702420050328572267

867 Shayle the Apothecary (level 8, -5/52 HPs)
             Began as a Coglin Alchemist on Mar 27, 2024.
             Slain by an ice beast (8 damage)
             ... on level 5 of the Dungeon.
             The game lasted 00:11:13 (4334 turns).

Shayle the Apothecary (Coglin Alchemist)            Turns: 4334, Time: 00:11:14

Health: -5/52      AC:  3    Str:  8    XL:     8   Next: 3%
Magic:  16/16      EV: 11    Int: 17    God:
Gold:   322        SH:  0    Dex: 15    Spells: 9/17 levels left

rFire   . . .        m - +0 whip (drain) {Deepnoor}
rCold   . . .        h - +0 short sword (venom) {Harkiran}
rNeg    . . .        a - +0 robe
rPois   .            (no helmet)
rElec   .            (no cloak)
rCorr   .            (no gloves)
SInv    .            c - +0 pair of boots
Will    .....        (amulet unavailable)
Stlth   ++           (ring unavailable)
HPRegen 0.28/turn    (ring unavailable)
MPRegen 0.15/turn    (no gizmo)

%: no passive effects
@: revving
A: off-hand wielding, slow wielding, warmup strikes, no jewellery
a: Invent Gizmo


You were on level 5 of the Dungeon.
You visited 1 branch of the dungeon, and saw 5 of its levels.
You also visited: Sewer.

You collected 322 gold pieces.

Inventory:

Hand Weapons
 d - a +0 whip {Malena}
 g - a +1 sling
 h - a +0 short sword of venom (offhand) {Harkiran}
 m - a +0 whip of draining (weapon) {Deepnoor}
 q - the +0 dagger of Reason {heavy, *Noise rPois rF+ rN+}
   (You found it on level 2 of the Dungeon)

   rF+:       It protects you from fire.
   rPois:     It protects you from poison.
   rN+:       It protects you from negative energy.
   *Noise:    It may make a loud noise when swung.
Missiles
 f - 3 curare-tipped darts
Armour
 a - a +0 robe (worn)
 c - a +0 pair of boots (worn)
Wands
 i - a wand of quicksilver (1)
 v - a wand of paralysis (7)
 y - a wand of flame (12)
Scrolls
 b - a scroll of blinking {unknown}
 e - 3 scrolls of teleportation {unknown}
 j - a scroll of enchant armour {unknown}
 k - a scroll of fear {unknown}
 n - 2 scrolls of amnesia
 w - a scroll of revelation {unknown}
Potions
 l - 2 potions of invisibility
 o - 2 potions of cancellation {unknown}
 p - a potion of might {unknown}
 r - 2 potions of brilliance
 s - a potion of ambrosia {unknown}
 t - 2 potions of enlightenment {unknown}
 u - a potion of haste {unknown}


   Skills:
 - Level 1.7 Dodging
 - Level 1.5 Stealth
 + Level 5.4 Spellcasting
 - Level 0.8 Conjurations
 + Level 3.0 Fire Magic
 - Level 6.4 Alchemy


You had 9 spell levels left.
You knew the following spells:

 Your Spells              Type           Power      Damage    Failure   Level
a - Sting                 Conj/Alch      68%        1d7       3%          1
b - Mephitic Cloud        Conj/Alch/Air  12%        N/A       16%         3
c - Olgreb's Toxic Radia  Alch           26%        N/A       10%         4

Your spell library contained the following spells:

 Spells                   Type           Power      Damage    Failure   Level
 Mercury Vapours          Alch/Air       30%        N/A       5%          2
 Sticky Flame             Fire/Alch      20%        2d6       19%         4
 Sigil of Binding         Hex            4%         N/A       38%         3
 Eringya's Noxious Bog    Alch           13%        4d6       83%         6
 Summon Forest            Summ/Tloc      2%         N/A       98%         5
 Sculpt Simulacrum        Ice/Alch       7%         N/A       99%         6
 Death Channel            Necr           2%         N/A       100%        6
 Summon Hydra             Summ           2%         N/A       100%        7


Dungeon Overview and Level Annotations

Branches:
Dungeon (5/15)              Sewer (visited)
 Temple: D:4-7

Altars:
Hepliaklqana
Yredelemnul

Annotations:
D:4 2 runed translucent doors, petzl's ghost, novice FoDe
D:5 3 runed translucent doors, Esekla's ghost, weakling OpDe


Innate Abilities, Weirdness & Mutations

You can wield a second weapon in your off-hand.
It takes a long time for you to wield or remove held weapons.
Your first few attacks do less damage.
You cannot equip rings or amulets.


Message History

You hit the ice beast but do no damage.
The ice beast is moderately wounded.
You closely miss the ice beast with your +0 whip of draining.
The ice beast hits you. The ice beast freezes you!
You hit the ice beast but do no damage.
The ice beast is moderately wounded.
You barely miss the ice beast with your +0 whip of draining.
The ice beast hits you but does no damage. x2
Casting: Mephitic Cloud (dangerous; 16% risk of failure)
Confirm with . or Enter, or press ? or * to list all spells.
Okay, then.
You hit the ice beast with your +0 short sword of venom.
The ice beast is moderately wounded.
You hit the ice beast but do no damage. You drain the ice beast.
The ice beast barely misses you.
You hit the ice beast with your +0 whip of draining.
The ice beast is heavily wounded.
You hit the ice beast but do no damage.
The ice beast is poisoned.
The ice beast hits you. The ice beast freezes you.
You closely miss the ice beast with your +0 whip of draining.
The ice beast is heavily wounded.
You barely miss the ice beast with your +0 short sword of venom.
The ice beast hits you. The ice beast freezes you!
* * * LOW HITPOINT WARNING * * *
The ice beast attacks as it pursues you!
The ice beast hits you.
* * * LOW HITPOINT WARNING * * *
The ice beast freezes you.
* * * LOW HITPOINT WARNING * * *
Okay, then.
Okay, then.
Aiming: Quicksilver Bolt
Press: ? - help, Shift-Dir - straight line, f - ice beast
Aim: an ice beast (severely wounded, very poisoned, heavily drained, 71% to hit)
The bolt of dispelling energy hits the ice beast!
The ice beast is almost dead.
The ice beast hits you.
* * * LOW HITPOINT WARNING * * *
The ice beast freezes you!
You die...

...........##..............
..........##..#.........##.
...........#..#.#......
..............#.#.##...
..........#............
#.......####.........
#....###....#...#..
###.#Y##..[.##.##
#.#.@....## ...
##..............
#..............
###.......... ###....####
#.....# .....## ....##


You could see an ice beast (poisoned, very drained).

Vanquished Creatures
  Pargi (Sewer)
  A black bear (D:5)
  An ogre (D:5)
  A brain worm (Sewer)
  2 howler monkeys
  A bombardier beetle (D:3)
  A hound (D:4)
  A jelly (D:5)
  An orc priest (D:4)
  An iguana (D:5)
  Ijyb (D:4)
  A sleepcap (D:5)
  3 orc wizards
  8 adders
  3 dart slugs
  5 ribbon worms
  12 orcs
  4 bats
  5 endoplasms
  3 giant cockroaches
  8 hobgoblins
  2 jackals (D:1)
  3 quokkas
  8 ball pythons
  9 frilled lizards
  5 goblins
  6 kobolds
  A rat (D:1)
98 creatures vanquished.

Notes
Turn   | Place    | Note
-------+----------+-------------------------------------------
     0 | D:1      | Shayle the Coglin Alchemist began the quest for the Orb.
     0 | D:1      | Reached XP level 1. HP: 13/13 MP: 3/3
   311 | D:1      | Reached XP level 2. HP: 19/19 MP: 1/5
   607 | D:1      | Found a faded altar of an unknown god.
  1121 | D:2      | Reached XP level 3. HP: 22/24 MP: 6/6
  1194 | D:2      | Reached skill level 4 in Alchemy
  1357 | D:2      | Identified the +0 dagger of Reason {heavy, *Noise rPois rF+
                  | rN+}
  1819 | D:3      | Found a hazy altar of Hepliaklqana.
  1853 | D:3      | Reached XP level 4. HP: 26/30 MP: 8/8
  2253 | D:3      | Reached skill level 5 in Alchemy
  2253 | D:3      | Reached XP level 5. HP: 32/35 MP: 8/10
  2283 | D:4      | Found a runed translucent door.
  2468 | D:4      | Noticed petzl's ghost (novice FoDe)
  2502 | D:4      | Found a runed translucent door.
  2513 | D:4      | Noticed Ijyb
  2535 | D:4      | Killed Ijyb
  2591 | D:4      | Found a basalt altar of Yredelemnul.
  2677 | D:4      | Reached XP level 6. HP: 39/41 MP: 11/11
  2991 | D:5      | Entered Level 5 of the Dungeon
  2991 | D:5      | Noticed a black bear
  3253 | D:5      | Found a runed translucent gate.
  3253 | D:5      | Found a runed translucent gate.
  3253 | D:5      | Found a runed translucent gate.
  3254 | D:5      | Noticed Esekla's ghost (weakling OpDe)
  3280 | D:5      | Reached skill level 6 in Alchemy
  3346 | D:5      | Found a glowing drain.
  3379 | Sewer    | Entered a sewer
  3398 | Sewer    | Reached XP level 7. HP: 8/46 MP: 11/13
  3404 | Sewer    | Learned a level 3 spell: Mephitic Cloud
  3409 | Sewer    | Learned a level 4 spell: Olgreb's Toxic Radiance
  3612 | Sewer    | Noticed Pargi
  3637 | Sewer    | Killed Pargi
  3638 | Sewer    | Reached skill level 1 in Fire Magic
  4120 | D:5      | Reached skill level 5 in Spellcasting
  4139 | D:5      | Reached XP level 8. HP: 15/52 MP: 13/16
  4334 | D:5      | Slain by an ice beast

Illustrated notes

Levels and vault maps discovered:
D:1:      dpeg_arrival_more_subterranean_lakeside_camping, layout_loops_ring,
          hellmonk_ecumenical_altar_run_dry, minmay_misc_feat_nine_boxes
D:2:      layout_basic
D:3:      layout_basic, overflow_temple_1_default,
          chequers_serial_rivers_small_3
D:4:      layout_rooms, nicolae_overflow_crystal_walls, ebering_ghost_sewer_f,
          minmay_misc_feat_plants, kennysheep_pointless_box,
          grunt_ministairs_13, uniq_ijyb
D:5:      layout_cave_pools, gammafunk_ghost_nasty_kobolds,
          cheibrodos_sewer_entry_bend, grunt_decor_one_mirror,
          minmay_liquid_box, minmay_misc_feat_ornament, nrook_mini_backslash,
          nicolae_shop_clearance

Skill      XL: |  1  2  3  4  5  6  7 |
---------------+----------------------+-----
Spellcasting   | 2 3 4 5 |  5.4
Alchemy        | 4 5 6 |  6.4
Fire Magic     | 3 |  3.0
Dodging        | |  1.7
Stealth        | |  1.5
Conjurations   | |  0.8

Action                     |  1- 3 |  4- 6 |  7- 9 || total
---------------------------+-------+-------+-------++-------
  Melee: Whip              |    52 |   104 |    63 ||   219
         Short sword       |    48 |   107 |    66 ||   221
   Cast: Sting             |    20 |       |       ||    20
         Mephitic Cloud    |       |       |     5 ||     5
  Evoke: Wand              |       |     2 |     1 ||     3
    Use: Potion            |       |     5 |     1 ||     6
         Scroll            |       |     3 |       ||     3
   Stab: Sleeping          |     6 |     3 |       ||     9
         Confused          |       |       |     4 ||     4
         Invisible         |       |       |     1 ||     1
 Armour: Robe              |    29 |    70 |    51 ||   150
  Dodge: Dodged            |    35 |    59 |    45 ||   139

Table legend: (Time is in decaauts)
 A = Elapsed time spent in this place.
 B = Non-inter-level travel time spent in this place.
 C = Inter-level travel time spent in this place.
 D = Time resting spent in this place.
 E = Time spent auto-exploring this place.
 F = Levels seen in this place.
 G = Mean time per level.
                   A        B        C        D        E       F      G
               +--------+--------+--------+--------+--------+-----+--------+
         Total |   4400 |   4270 |    130 |    628 |   2443 |   6 |  733.3 |
       Dungeon |   3864 |   3734 |    130 |    362 |   2376 |   5 |  772.8 |
         Sewer |    536 |    536 |      0 |    266 |     67 |   1 |  536.0 |
               +--------+--------+--------+--------+--------+-----+--------+

Top non-repeatable levels by time:
     D:1: 1013 daAuts
     D:4: 929 daAuts
     D:2: 742 daAuts
     D:5: 653 daAuts
   Sewer: 536 daAuts
     D:3: 525 daAuts
